[Event "Grand Chess Sinquefield Cup 2023"]
[Site "Chess.com"]
[Date "2023.11.28"]
[Round "7"]
[White "Caruana, Fabiano"]
[Black "So, Wesley"]
[Result "1-0"]
[WhiteElo "2795"]
[BlackElo "2752"]
[ECO "E42"]
[EventDate "2023.??.??"]
[Annotator "rafael"]
[PlyCount "49"]
[Beauty "8251705921553"]
[EventType "swiss"]
[EventRounds "9"]
[EventCountry "FRA"]
[TimeControl "40/5400+30:1800+30"]

1.d4 Nf6 2.c4 e6 3.Nc3 Bb4 4.e3 c5 5.Ne2 d5 6.a3 Ba5 {A fashionable move in the Nimzo-Indian Defense. Historically 6...Bxc3 is more popular.} 7.dxc5 dxc4 8.Bd2 ( 8.Qxd8+ {Caruana played this endgame in 2023, but the position is more or less equal after} 8...Kxd8 9.Bd2 Nbd7 {Caruana-Nepomniachtchi, Zagreb SuperUnited Blitz 2023.} ) 8...Nbd7 ( 8...O-O 9.Ng3 b6 {It's possible this was the line So really wanted to play.} 10.Bxc4 ( 10.Qf3 {is not working so well because the queen is trapped on a8 in most lines.} 10...Qc7 $1 ) 10...bxc5 11.O-O ( 11.Qf3 {Again this is not effective:} 11...Bd7 12.Qxa8 $2 Bc6 13.Qxa7 Bb6 {The queen is trapped.} ) 11...Nbd7 12.Qc2 Bb7 {with a normal position in Grischuk-Nepomniachtchi, Amsterdam Levitov Rapid 2023.} ) 9.Ng3 b6 $2 {[%c_effect b6;square;b6;type;Mistake;persistent;true] This move is a theoretical novelty. Far from being preparation, the move is probably the result of So confusing his analysis.} ( 9...Nxc5 10.Bxc4 Bc7 {is better, with only a slight advantage for White in Wojtaszek-Moranda, POL-ch Kruszwica 2022.} ) ( 9...Ne5 {is also not good, since there's not enough compensation after} 10.Bxc4 Nxc4 11.Qa4+ Bd7 12.Qxc4 ) 10.Qf3 $1 {[%c_effect f3;square;f3;type;GreatFind;persistent;true] Played after long deliberation, this is the most accurate reaction.} ( 10.cxb6 {This is not enough, since Black has good compensation for the pawn in more than one way.} 10...Ba6 ( 10...Nxb6 {is also possible:} 11.Bxc4 Nxc4 12.Qa4+ Qd7 13.Qxc4 Bb7 ) ) ( 10.c6 Ne5 {is also not very convincing.} ) 10...Rb8 {So also took a long time to play this move. He probably realized something went wrong.} ( 10...Ba6 $6 11.b4 $1 {[%c_effect b4;square;b4;type;GreatFind;persistent;true] This is the point of White's play. Black loses a piece for insufficient compensation after} 11...cxb3 12.Bxa6 ) ( 10...Nd5 $6 {[%c_effect d5;square;d5;type;Inaccuracy;persistent;true] is also not good after} 11.Bxc4 {with a clear advantage for White.} ) 11.c6 Ne5 12.Qf4 Bxc3 $2 {[%c_effect c3;square;c3;type;Mistake;persistent;true] This is the equivalent of resigning the game.} ( 12...Nxc6 {is much more stubborn.} 13.Qxc4 Bb7 14.b4 b5 {Black still has some hopes with a pawn down.} 15.Nxb5 ( 15.Qd3 $5 {[%c_effect d3;square;d3;type;Interesting;persistent;true] is also good, forcing a queen exchange.} ) ) 13.Bxc3 Nxc6 {Black's position is painful to watch. White has the pair of bishops, an active queen, and many ways to win the game.} 14.Rd1 {Caruana finishes the game with computer-like precision.} ( 14.Bxc4 {is simple and good.} 14...O-O 15.Rd1 Qe7 16.Bb5 $1 Bb7 17.Bxc6 Bxc6 18.Bb4 {winning the exchange and the game.} ) ( {Even} 14.Qg5 {is interesting.} ) 14...Qe7 15.Bxc4 b5 ( 15...O-O 16.Bb5 $1 {[%c_effect b5;square;b5;type;GreatFind;persistent;true] wins the exchange:} 16...Bb7 17.Bxc6 Bxc6 18.Bb4 ) ( 15...e5 16.Qf3 {leads to an easy win, for instance:} 16...Qc5 17.Ne4 $1 {[%c_effect e4;square;e4;type;GreatFind;persistent;true] and Black can resign.} ) 16.Bxf6 Qxf6 ( 16...gxf6 17.Ne4 {with a decisive attack. A pretty line is:} 17...bxc4 18.Nxf6+ Kf8 19.Qh6# ) 17.Qd6 e5 18.Bxf7+ $1 {[%c_effect f7;square;f7;type;GreatFind;persistent;true] The final touch.} 18...Kxf7 ( 18...Qxf7 19.Qxc6+ Bd7 20.Qd6 {The e5-pawn falls as well.} ) 19.Qc7+ Qe7 ( 19...Kg6 20.Rd6 $1 ) 20.Qxc6 Bb7 ( 20...Rb6 21.Qd5+ {also brings no hope, although it can prolong the resistance a little bit.} ) 21.Qxb5 Bxg2 22.Qc4+ Kf8 23.Nf5 Qf6 24.Qc5+ Kg8 25.Qc7 {Nerves certainly played a role in this rare, crushing defeat for So. He is playing not only for tournament victory but also for a spot in the next Candidates cycle.} ( 25.Qc7 Re8 26.Nd6 {With the material advantage and a decisive attack.} ) 1-0

[Event "Grand Chess Sinquefield Cup 2023"]
[Site "Chess.com"]
[Date "2023.11.30"]
[Round "9"]
[White "Caruana, Fabiano"]
[Black "Rapport, Richard"]
[Result "1-0"]
[WhiteElo "2795"]
[BlackElo "2748"]
[ECO "D94"]
[EventDate "2023.??.??"]
[Annotator "rafael"]
[PlyCount "79"]
[Beauty "7701992048150"]
[EventType "swiss"]
[EventRounds "9"]
[EventCountry "FRA"]
[TimeControl "40/5400+30:1800+30"]

1.d4 Nf6 2.c4 c6 3.Nf3 d5 4.Nc3 e6 5.e3 g6 {This move leads to a passive position of the Schlechter Defense with the pawn advancing to e6. Of course, advancing the pawns to e6 and g6, especially at the beginning of the game, is not so logical. Both moves have the same main objective: to free the bishop's path. The great merit of this move, and to be honest perhaps the only one, is taking Caruana out of his usual high-level preparation. It must be admitted that Rapport's strategy will have some success.} 6.Bd3 ( 6.b3 {is a direct attempt to refute Black's play, since White can try} 6...Bg7 7.Ba3 $1 {[%c_effect a3;square;a3;type;GreatFind;persistent;true] Evidently Rapport had something prepared in this case, and Caruana decided to play it simple.} ) 6...Bg7 7.O-O O-O 8.e4 {It's also possible to play a slower, more maneuvering game with 8.b3. It's hard to say which is better.} ( 8.b3 ) 8...dxe4 9.Bxe4 {At first glance, this move seems very clever, provoking the exchange of the knight for the bishop in a favorable situation for White. Rapport's next excellent move, however, shows the shortcomings of the bishop capture.} ( 9.Nxe4 Nxe4 10.Bxe4 Qc7 {White can fight for an advantage here with better development and more space.} ) 9...b5 $1 {[%c_effect b5;square;b5;type;GreatFind;persistent;true] A creative resource and the best move.} ( 9...Nxe4 $6 10.Nxe4 {is bad for Black, as the knight will soon land on d6.} ) 10.Bd3 ( 10.cxb5 $6 {[%c_effect b5;square;b5;type;Inaccuracy;persistent;true] is bad, since now the light-squared bishop comes to play after} 10...Nxe4 11.Nxe4 cxb5 ) 10...bxc4 11.Bxc4 Ba6 $1 {[%c_effect a6;square;a6;type;GreatFind;persistent;true] The exchange of bishops is desirable for Black.} 12.Bxa6 Nxa6 13.Qa4 {My impression is that this is not the most precise move, since the queen is not doing much on a4, a square better suited for the knight.} ( 13.Na4 ) ( 13.Qe2 ) 13...Qb6 14.Bf4 Rfd8 ( 14...Qxb2 $2 {[%c_effect b2;square;b2;type;Mistake;persistent;true] is horrible and loses in many ways.} 15.Bd6 {is the simplest.} ( 15.Qxa6 Qxc3 16.Bd6 {is also good.} 16...Rfd8 17.Rfc1 Qb2 18.Rab1 {trapping the queen.} ) ) ( 14...Nd5 {is also bad:} 15.Nxd5 $1 cxd5 $6 16.Rac1 Rac8 17.Rxc8 Rxc8 18.Rc1 Rxc1+ 19.Bxc1 {This position is much worse for Black than it seems at first sight, since he cannot prevent White's queen from deciding the game.} ) ( 14...c5 {is natural and good. I was expecting this move here and on the next move.} 15.Be5 ) 15.Be5 Nb4 ( 15...c5 {Again Black has the chance of changing the pawn structure. I think this is the simplest way to equalize.} ) 16.Rfd1 Nbd5 17.Qc2 {The position is a little trickier now. White is preparing Na4, preventing c6-c5, and leaving Black with a passive position.} 17...Bf8 ( 17...Nxc3 {is interesting.} 18.bxc3 ( 18.Qxc3 Nd5 {is not dangerous for Black.} ) 18...Nd7 {Black is very close to equalizing.} ( 18...c5 {is also good, although White still retains some very slight pressure after} 19.c4 ) ) 18.Ng5 {A somewhat surprising move. The knight is going to e4, but it looks a bit superficial.} ( 18.Na4 {is natural, although nothing terrible is happening after} 18...Qb5 ) 18...Ng4 ( 18...Nd7 {is even better. Black is perfectly fine after} 19.Bg3 c5 $1 ) 19.Bg3 Bg7 {Here and on the next moves, Black must seriously consider the subtle 19...Nh6 with the intention of going with the knight to f5.} ( 19...Nh6 $5 ) 20.Nf3 ( 20.Na4 Qb5 21.Nc5 {is slightly better for White.} ) 20...Rac8 $6 {[%c_effect c8;square;c8;type;Inaccuracy;persistent;true] Too slow.} ( 20...Nh6 $1 ) 21.Ne4 ( 21.Na4 {is again better for White.} 21...Qb5 22.Nc5 ) 21...c5 $6 {[%c_effect c5;square;c5;type;Inaccuracy;keyPressed;undefined;persistent;true] This is the last chance to maneuver the g4-knight to f5. Objectively Black may still be able to escape here; a draw is the likely result in a computer game from this position. But in human terms, the position is almost a losing one: Black will need to find a sequence that borders on the impossible in a few moments.} ( 21...Nh6 $1 ) 22.dxc5 $1 {[%c_effect c5;square;c5;type;GreatFind;persistent;true] The most dangerous reaction.} ( 22.Nxc5 Nge3 {I probably wouldn't even consider this move, but it's stronger than the more natural 22...Bxd4.} ( 22...Bxd4 23.Nxd4 Qxc5 {with equality.} ) 23.fxe3 Nxe3 {The variations are too complicated from now on; suffice to say that Black remains on top.} ) 22...Qxb2 23.Qxb2 Bxb2 24.Rab1 Bg7 $2 ( 24...Ngf6 $3 {[%c_effect f6;square;f6;type;Brilliant;persistent;true] This is the almost impossible move mentioned before. The next move is also quite difficult.} 25.Nd6 Nc3 $1 {[%c_effect c3;square;c3;type;GreatFind;persistent;true] Impressive.} 26.Nxc8 Rxc8 27.Rxb2 Nxd1 28.Rb8 Rxb8 29.Bxb8 {Even after all this, the black position still looks dangerous. The computer miraculously manages to defend after} 29...Nd5 ) 25.Rdc1 {The c-pawn is ready to move forward. Black's position is critical.} 25...Bh6 ( 25...Bf8 {is more stubborn, but it still looks pretty bad after} 26.h3 Ngf6 27.Nxf6+ Nxf6 28.c6 ) 26.Rc4 Bf8 {The rook on c4 is actually better than on c1.} 27.c6 ( 27.h3 {is also very strong:} 27...Ngf6 28.Nxf6+ Nxf6 29.c6 Nd5 30.Rb7 {with a decisive advantage.} ) 27...f5 28.Neg5 Re8 29.Rb7 Ne7 {Now Black's position collapses, but it's hard to make recommendations.} 30.h3 Nf6 31.Nd4 {The e6-pawn is falling.} 31...h6 32.Ngxe6 Nxc6 33.Nxf8 Nxd4 34.Rxc8 Rxc8 35.Nxg6 Rc1+ 36.Kh2 Nc6 37.Bf4 Rc2 38.Bxh6 Ne8 39.Ne7+ Kh7 40.Be3 {Another confident performance by Caruana, in my opinion the best chess player of 2023 so far.} 1-0

[Event "Julius Women's Speed Chess Championship 2023"]
[Site "Chess.com"]
[Date "2023.11.13"]
[Round "1"]
[White "Lagno, Kateryna"]
[Black "Priyanka, Nutakki"]
[Result "1-0"]
[WhiteElo "2854"]
[BlackElo "2597"]
[ECO "C01"]
[EventDate "2023.??.??"]
[Annotator "rafael"]
[PlyCount "61"]
[Beauty "8248082041925"]
[EventType "team-tourn"]
[EventCountry "YUG"]
[TimeControl "300+1"]

1.e4 e6 2.d4 d5 3.exd5 exd5 4.Nf3 Bd6 5.Bd3 Ne7 6.O-O Bg4 7.Re1 Nc6 8.c3 Qd7 9.Nbd2 O-O-O $6 {[%c_effect c8;square;c8;type;Inaccuracy;persistent;true] This move is bad but very popular. My impression is that, nowadays, those who play the Exchange Variation against the French are often misunderstood—they are not as looking for a harmless way to make a draw as the previous generations of players. Placing the king on the queenside is a dangerous provocation, as White's attack comes quickly.} ( 9...O-O ) 10.b4 $1 Rde8 ( 10...Ng6 {ended in rapid disaster in the following recent game.} 11.b5 Na5 12.Qa4 Nf4 $2 ( 12...b6 ) 13.Bf1 b6 14.Ne5 $1 Bxe5 15.dxe5 {White is already winning: Yu-Kravtsiv, Airthings Masters rapid 2023.} ) 11.a4 $6 {[%c_effect a4;square;a4;type;Inaccuracy;persistent;true] A bit slow.} ( 11.b5 {immediately is more accurate.} ) 11...f6 {Black wants to protect the e5-square against a knight jump, but 11...Ng6 also avoids this while also creating play on the kingside.} ( 11...Ng6 $1 ) 12.a5 Kb8 13.b5 Nd8 14.b6 a6 {The first new move. Theory goes very far these days, even in not-so-good opening lines.} ( 14...Ndc6 15.bxa7+ {was clearly better for White in Prieto Aranguren-Buchenau, Titled Tuesday blitz 2022.} ) 15.bxc7+ Qxc7 $6 {[%c_effect c7;square;c7;type;Inaccuracy;persistent;true] The wrong capture. Black has no problems after} ( 15...Bxc7 $1 16.Qb3 Ka8 ) 16.Qb3 g5 $2 {[%c_effect g5;square;g5;type;Mistake;persistent;true] This offers the a-pawn for the h-pawn, but this exchange favors White.} ( 16...Ka8 17.Ba3 {is only slightly better for White.} ) 17.Bxa6 $1 Bxf3 18.Nxf3 g4 19.Nh4 $2 {[%c_effect h4;square;h4;type;Mistake;persistent;true] This move has a tactical flaw due to the backrank problems. Let me remind the reader that it's very difficult to calculate in a blitz game.} ( 19.Nd2 $1 {[%c_effect d2;square;d2;type;GreatFind;persistent;true] is better. After} 19...Bxh2+ 20.Kf1 {White's attack is faster.} ) 19...Bxh2+ $2 {[%c_effect h2;square;h2;type;Mistake;persistent;true] The automatic move and very tempting in blitz, but there's a more subtle continuation.} ( 19...Nf5 $1 {[%c_effect f5;square;f5;type;GreatFind;persistent;true] The move puts fire on the board, and anything can happen. A possible line is:} 20.Rxe8 Rxe8 21.g3 ( 21.Nxf5 $2 {[%c_effect f5;square;f5;type;Mistake;persistent;true] The knight cannot be captured:} 21...Re1+ 22.Bf1 Bxh2+ 23.Kh1 Rxf1# ) 21...Nxh4 22.gxh4 g3 ( 22...Bxh2+ {is also good:} 23.Kg2 Re1 24.Bf1 g3 {with a messy position.} ) 23.hxg3 Bxg3 {with adequate counterplay. The computer evaluates the position as equal.} ) 20.Kf1 Bd6 21.Bb5 {The attack is too strong, and Black can't create counterplay.} 21...Nec6 22.Rxe8 Rxe8 23.a6 Qb6 ( 23...b6 24.a7+ Ka8 25.Qxd5 {is easily winning.} ) 24.Qxd5 Bc7 25.axb7 Qxb7 26.Ba6 Qb6 27.Qd7 $1 {[%c_effect d7;square;d7;type;GreatFind;persistent;true] A deadly blow.} 27...Re7 28.Qc8+ Ka7 29.Bb7+ Qa5 30.Rxa5+ Nxa5 31.Qa8+ 1-0

[Event "Julius Women's Speed Chess Championship 2023"]
[Site "Chess.com"]
[Date "2023.11.13"]
[Round "1"]
[White "Hou, Yifan"]
[Black "Shuvalova, Polina"]
[Result "1-0"]
[WhiteElo "2729"]
[BlackElo "2745"]
[ECO "B12"]
[EventDate "2023.??.??"]
[Annotator "rafael"]
[PlyCount "71"]
[Beauty "7975485870621"]
[EventType "team-tourn"]
[EventCountry "YUG"]
[TimeControl "300+1"]

1.e4 c6 2.d4 d5 3.e5 Bf5 4.h4 {This system is one of the most interesting ways of facing the Caro-Kann nowadays and is recommended for attacking players.} 4...h5 5.Nf3 ( 5.Bd3 {is the move order generally used by White.} ) 5...e6 6.Bd3 Bxd3 ( 6...Bg4 $5 {[%c_effect g4;square;g4;type;Interesting;persistent;true] is an interesting way to exploit White's move order.} ) 7.Qxd3 Qa5+ 8.Nbd2 Qa6 {A typical maneuver in this variation.} ( 8...Ne7 9.O-O Nf5 {This critical position has been discussed by strong GMs. A recent game by one of my favorite players continued:} 10.Nb3 Qb5 11.Qd1 c5 12.a4 Qb6 13.dxc5 Bxc5 14.a5 Qb5 15.Nxc5 Qxc5 16.b3 Nc6 17.Ra4 {And Shirov went on to win this complicated position in his explosive style: Shirov-Abdrlauf FIDE Grand Swiss 2023.} ) 9.c4 Nh6 10.b3 ( 10.O-O {It's more accurate to castle immediately, but these details are too subtle for a blitz game.} ) 10...Nf5 ( 10...c5 $1 {[%c_effect c5;square;c5;type;GreatFind;persistent;true] is interesting for Black.} ) 11.Bb2 Be7 ( 11...c5 $1 ) 12.g3 {The h-pawn is defended so White can castle.} 12...Nd7 13.Qc2 {A new move.} ( 13.O-O {has been played before.} ) 13...g6 {A solid move, defending the knight. This gives Black the option of capturing with the e-pawn after cxd5.} 14.a4 b6 ( 14...O-O ) ( 14...c5 ) 15.O-O O-O 16.Rfc1 Rfc8 17.a5 {This is a critical position. Black has the dream position of every Caro-Kann player.} 17...Qb7 $6 ( 17...c5 $1 {[%c_effect c5;square;c5;type;GreatFind;persistent;true] is stronger and Black is the one with the initiative.} ) 18.a6 $1 {[%c_effect a6;square;a6;type;GreatFind;persistent;true] This pawn on a6 creates inconveniences for Black and will be one of the plusses that lead to White's victory.} 18...Qb8 19.Qd3 Rc7 20.cxd5 ( 20.Nb1 $5 {[%c_effect b1;square;b1;type;Interesting;persistent;true] Followed by Nc3 deserves consideration.} ) 20...cxd5 ( 20...exd5 {is possible and probably better.} ) 21.Rxc7 Qxc7 22.Rc1 Qd8 23.Qc2 {White has the c-file, but it's not enough for a win.} 23...b5 24.Qc6 Rb8 25.Qc7 {The a-pawn is under attack. Black needs to play accurately.} 25...Nb6 $2 ( 25...Ra8 $2 {[%c_effect a8;square;a8;type;Mistake;persistent;true] is insufficient after} 26.Qb7 {with the threat of Rc7.} ) ( 25...Bb4 $1 {[%c_effect b4;square;b4;type;GreatFind;persistent;true] is the right defense.} 26.Qxd8+ ( 26.Qxa7 $4 {[%c_effect a7;square;a7;type;Blunder;persistent;true] loses the queen after} 26...Ba5 {followed by ...Bb6.} ) 26...Rxd8 27.Rc7 Nb8 $1 28.Rxa7 Nc6 29.Rb7 ( 29.Rc7 Nfe7 ) 29...Ra8 $1 {[%c_effect a8;square;a8;type;GreatFind;persistent;true] Black has enough counterplay.} ) 26.Qxa7 Na8 {White's queen is stuck on a7, but Black can't really attack it.} 27.Ng5 $2 {[%c_effect g5;square;g5;type;Mistake;persistent;true] The wrong path for the knight.} ( 27.Ne1 $1 {[%c_effect e1;square;e1;type;GreatFind;persistent;true] is better, followed by Nd3.} ) 27...Qe8 $2 {[%c_effect e8;square;e8;type;Mistake;persistent;true] A mistake in return.} ( 27...Bxg5 $1 28.hxg5 Rb6 $1 {[%c_effect b6;square;b6;type;GreatFind;persistent;true] Now the queen is in real trouble. Black is preparing Ne7-Nc6. White is saved by computer play:} 29.b4 Ne7 30.Nb3 Nc6 31.Qb7 $1 Rxb7 32.axb7 Ne7 33.Rc8 $1 Qxc8 34.bxc8=Q+ Nxc8 {with a likely draw.} ) 28.Ndf3 b4 29.Rc2 ( 29.Nxf7 $1 {[%c_effect f7;square;f7;type;GreatFind;persistent;true] This is a move that can be played here or on the next few moves.} 29...Kxf7 30.Ng5+ Kg8 31.Nxe6 {Black's position is shattered.} ) 29...Kg7 30.Bc1 ( 30.Nxf7 $1 ) 30...Kg8 ( 30...Rd8 {Threatens ...Rd7, but White is in time:} 31.Qb7 Rb8 32.Qc6 Qxc6 33.Rxc6 {with good winning chances.} ) 31.Bd2 Kg7 32.Kg2 Kg8 33.Rc6 $5 Bf8 ( 33...Rd8 34.Nxf7 $1 Qxf7 ( 34...Kxf7 35.Ng5+ Kg8 36.Rxe6 Rd7 37.Qc5 $1 {[%c_effect c5;square;c5;type;GreatFind;persistent;true] White is winning.} ) 35.Qb7 {White prepares a7 and Rc8 and Black is unable to defend everything.} ) 34.Nxf7 $1 {[%c_effect f7;square;f7;type;GreatFind;persistent;true] The sacrifice has finally landed.} 34...Qxf7 ( 34...Qxc6 35.Qxb8 Kxf7 36.Qb7+ Ne7 37.Bxb4 {with an easy win.} ) 35.Qxb8 Kg7 36.Qxa8 1-0